 Dungeon Crawl Stone Soup version 0.28.0 (webtiles) character file.

Game seed: 15549253779485855672

259 pkoi the Ruffian (level 5, 0/41 HPs)
             Began as a Draconian Transmuter on Feb 9, 2022.
             Succumbed to an orc wizard's poison
             ... on level 4 of the Dungeon.
             The game lasted 00:03:58 (2947 turns).

pkoi the Ruffian (Draconian Transmuter)             Turns: 2947, Time: 00:03:59

Health: 0/41       AC:  5    Str: 13    XL:     5   Next: 95%
Magic:  5/8        EV: 12    Int: 15    God:
Gold:   150        SH:  0    Dex: 11    Spells: 6/9 levels left

rFire   . . .      SeeInvis .     - Unarmed
rCold   . . .      Faith    .   (no shield)
rNeg    . . .      Spirit   +   (armour unavailable)
rPois   .          Reflect  .   (helmet restricted)
rElec   .          Harm     .   (no cloak)
rCorr   .          Rampage  .   (no gloves)
Will    .....                   (no boots)
Stlth   +.........              i - amulet of guardian spirit
HPRegen 0.13/turn               (no ring)
MPRegen 0.11/turn               (no ring)

@: lethally poisoned (0 -> -13), wereblooded, flying
A: AC +5, unfitting armour, cold-blooded
a: no special abilities


You were on level 4 of the Dungeon.
You visited 1 branch of the dungeon, and saw 4 of its levels.

You collected 150 gold pieces.

Inventory:

Hand Weapons
 a - a +0 dagger of venom
Jewellery
 i - an amulet of guardian spirit (around neck)
Wands
 j - a wand of mindburst (12)
Scrolls
 b - 2 scrolls of enchant armour {unknown}
 c - a scroll of silence {unknown}
 e - a scroll of teleportation {unknown}
 k - a scroll of identify {unknown}
Potions
 g - a potion of curing


   Skills:
 + Level 2.2 Fighting
 - Level 1.7 Dodging
 * Level 5.5 Unarmed Combat
 + Level 2.6 Spellcasting
 + Level 2.8 Transmutations
 + Level 1.1 Evocations


You had 6 spell levels left.
You knew the following spells:

 Your Spells              Type           Power      Damage    Failure   Level
a - Beastly Appendage     Tmut           20%        N/A       7%          1
b - Wereblood             Tmut           10%        N/A       10%         2

Your spell library contained the following spells:

 Spells                   Type           Power      Damage    Failure   Level
 Spider Form              Tmut/Pois      6%         N/A       34%         3
 Ice Form                 Ice/Tmut       6%         N/A       75%         4


Dungeon Overview and Level Annotations

Branches:
Dungeon (4/15)
 Temple: D:4-7

Altars:
Qazlal

Annotations:
D:3 Grinder


Innate Abilities, Weirdness & Mutations

Your plain brown scales are hard. (AC +5)
You cannot fit into any form of body armour.
You are cold-blooded and may be slowed by cold attacks.


Message History

The orc hits you with a +0 whip.
* * * LOW HITPOINT WARNING * * *
Something hits you but does no damage.
You are lethally poisoned!
The orc priest mumbles some strange prayers to Beogh against you.
Beogh smites you!
* * * LOW HITPOINT WARNING * * *
It was a potion of magic.
Magic courses through your body.
* * * LOW HITPOINT WARNING * * *
You feel very sick.
You feel better. The orc hits you with a +0 whip.
* * * LOW HITPOINT WARNING * * *
An orc wizard comes into view. It is wielding a +0 dagger.
Something hits you.
* * * LOW HITPOINT WARNING * * *
You are lethally poisoned!
You barely miss something. Your kick misses something.
* * * LOW HITPOINT WARNING * * *
You feel very sick. The orc hits you but does no damage.
Something hits you but does no damage.
You are more poisoned.
The orc wizard points at you and mumbles some strange words.
The magic dart hits you.
* * * LOW HITPOINT WARNING * * *
You miss something. You claw something! You tail-slap something.
Your punch misses something.
Your horns disappear.
Your talons disappear.
* * * LOW HITPOINT WARNING * * *
You feel very sick. The orc closely misses you.
You hear some strange, mumbled words.
A magic dart appears from out of thin air!
The magic dart hits you but does no damage.
The orc priest closely misses you.
Unknown command.
You hit the orc priest.
You tail-slap the orc priest, but do no damage.
Your punch misses the orc priest.
The orc priest is lightly wounded.
You die...

....# #....# #
.....# .# .....#
.# #....# ..
###+##o...# .
#.....o...#
#....oo...#
#...##@{..#
#....#'####....#
#....#...##....#
#....#....#....#
#....#....#....#
+##
#....#...##....#
..#
#....#...##....#
..#
#....#...##....#
..# #....'....#


You could see an orc priest, 2 orc wizards and an orc.

Vanquished Creatures
  A necrophage (D:4)
  An orc priest (D:4)
  An orc wizard (D:4)
  6 adders
  A worm (D:2)
  2 dart slugs
  5 orcs
  10 ball pythons
  An endoplasm (D:2)
  3 giant cockroaches
  9 goblins
  3 hobgoblins
  4 jackals (D:2)
  5 quokkas
  4 bats
  3 rats
59 creatures vanquished.

Notes
Turn   | Place    | Note
-------+----------+-------------------------------------------
     0 | D:1      | pkoi the Draconian Transmuter began the quest for the Orb.
     0 | D:1      | Reached XP level 1. HP: 16/16 MP: 3/3
   182 | D:1      | Reached XP level 2. HP: 23/23 MP: 5/5
   182 | D:1      | Found a faded altar of an unknown god.
   389 | D:1      | HP: 1/23 [goblin (4)]
   890 | D:1      | Learned a level 2 spell: Wereblood
   897 | D:1      | Reached skill level 4 in Unarmed Combat
  1314 | D:2      | Reached XP level 3. HP: 28/28 MP: 2/6
  1557 | D:2      | Reached XP level 4. HP: 28/35 MP: 3/7
  1789 | D:2      | Reached skill level 5 in Unarmed Combat
  1918 | D:2      | Found a stormy altar of Qazlal.
  2306 | D:3      | Noticed Grinder
  2527 | D:4      | Noticed a necrophage
  2535 | D:4      | Killed a necrophage
  2536 | D:4      | Reached XP level 5. HP: 34/41 MP: 4/8
  2648 | D:4      | Reached skill level 1 in Evocations
  2943 | D:4      | HP: 2/41 [poisoned by an orc wizard]
  2947 | D:4      | Succumbed to an orc wizard's poison

Illustrated notes

Levels and vault maps discovered:
D:1:      lightli_molten_gateway, layout_loops_cross,
          nicolae_ecumenical_snake_handling
D:2:      layout_rooms, basic_altar
D:3:      layout_rooms, minmay_misc_feat_nine_boxes, fountainhead, uniq_grinder
D:4:      layout_gridville

Skill      XL: |  1  2  3  4  5 |
---------------+----------------+-----
Unarmed Combat | 4 5 |  5.5
Fighting       | 2 |  2.2
Evocations     | 1 |  1.1
Dodging        | |  1.7
Spellcasting   | |  2.6
Transmutations | |  2.8

Action                   |  1- 3 |  4- 6 || total
-------------------------+-------+-------++-------
Melee: Unarmed           |   110 |   102 ||   212
       Tailslap          |    17 |    10 ||    27
       Punch             |     4 |     1 ||     5
       Headbutt          |     2 |     7 ||     9
       Kick              |     5 |    15 ||    20
 Cast: Beastly Appendage |     7 |    12 ||    19
       Wereblood         |     5 |    10 ||    15
  Use: Potion            |       |     7 ||     7
 Stab: Sleeping          |     1 |       ||     1
Armor: Skin              |    21 |    45 ||    66
Dodge: Dodged            |    90 |    48 ||   138
